 Dungeon Crawl Stone Soup version bcrawl-1.37.2 (webtiles) character file.

Game seed: 11064448299866285610

142394 Mehrunes the Skirmisher (level 4, 0/37 HPs)
             Began as a Formicid Fighter on Nov 17, 2022.
             Slain by Grinder (4 damage)
             ... on level 3 of the Dungeon.
             The game lasted 00:05:05 (1748 turns).

Mehrunes the Skirmisher (Formicid Fighter)          Turns: 1748, Time: 00:05:05

Health: 0/37       AC:  7    Str: 26    XL:     4   Next: 95%
Magic:  4/4        EV: 10    Int:  8    God:
Gold:   163        SH:  0    Dex: 10    Spells: 3/3 levels left

rFire    + . .     GDR:     26% a - +0 war axe
rCold    . . .     SeeInvis +   (no shield)
rNeg     . . .     Gourm    .   b - +0 scale mail
rPois    .         Faith    .   (helmet unavailable)
rElec    .         Spirit   .   (no cloak)
rCorr    .         Reflect  .   (no gloves)
MR       .....                  (no boots)
Stlth    ++........             (no amulet)
HPRegen  0.16/turn              j - ring of protection from fire
MPRegen  0.09/turn              m - ring of stealth

@: mighty
A: permanent stasis, dig shafts and tunnels, four strong arms, antennae 3
a: Dig, Shaft Self


You were on level 3 of the Dungeon.
You were not hungry.

You visited 1 branch of the dungeon, and saw 3 of its levels.

You collected 163 gold pieces.

Inventory:

Hand Weapons
 a - a +0 war axe (weapon)
Armour
 b - a +0 scale mail (worn)
 c - a +0 medium shield
Jewellery
 j - a ring of protection from fire (left hand)
 m - a ring of stealth (right hand)
Scrolls
 g - a scroll of remove curse
 h - a scroll of fog {unknown}
 i - 4 scrolls of identify
 k - a scroll of immolation {unknown}
 n - 2 scrolls of enchant armour {unknown}
 p - a scroll of amnesia {unknown}
 q - a scroll of teleportation {unknown}
Potions
 f - a potion of ambrosia {unknown}
 o - a potion of degeneration {unknown}
Comestibles
 e - 5 rations {!d}
 l - 8 chunks of flesh


   Skills:
 + Level 4.0 Fighting
 * Level 3.6 Axes
 + Level 4.0 Armour
 - Level 3.6 Shields


You had 3 spell levels left.
You didn't know any spells.
Your spell library was empty.

Dungeon Overview and Level Annotations

Branches:
Dungeon (3/12)

Altars:

Annotations:
D:2 Sigmund
D:3 Grinder


Innate Abilities, Weirdness & Mutations

You cannot be hasted, slowed, berserked, paralysed or teleported.
You can dig through walls and to a lower floor.
Your four strong arms can wield two-handed weapons with a shield.
You have a pair of large antennae on your head. (SInv)


Message History

* * * LOW HITPOINT WARNING * * *
Your scale mail prevents you from hitting Grinder.
Grinder is moderately wounded.
Grinder blinks! x2
Unknown command.
You closely miss Grinder.
Grinder is moderately wounded.
Grinder gestures at you. You resist with significant effort.
You hit Grinder.
Grinder is heavily wounded.
Grinder barely misses you.
You closely miss Grinder.
Grinder is heavily wounded.
Grinder gestures at you. You resist with significant effort.
You slash Grinder!
Grinder is severely wounded.
Grinder hits you.
You die...

........##
.........#
.......#.## ###
########..# #..
##.## .#.#
######[.## .#.#
#........# .#.#
#........##.#5#
####........##.#@#
.............#.#.#
.......#####.#.#$#
.......# #...#.#
#############..#.#
#.......#.#
#.....)>..#
#......####
#......#


You could see Grinder.

Vanquished Creatures
  A hound skeleton (D:2)
  2 adder zombies (D:2)
  2 adder skeletons (D:2)
  4 worms
  A dart slug (D:3)
  2 leopard geckos
  2 orcs
  7 bats
  A giant cockroach (D:2)
  3 goblins
  5 hobgoblins
  8 jackals
  3 kobolds
  2 quokkas (D:2)
  A giant cockroach zombie (D:2)
  A jackal zombie (D:2)
  A quokka zombie (D:2)
  3 rats (D:2)
49 creatures vanquished.

Notes
Turn   | Place    | Note
-------+----------+-------------------------------------------
     0 | D:1      | Mehrunes the Formicid Fighter began the quest for the Orb.
     0 | D:1      | Reached XP level 1. HP: 18/18 MP: 1/1
   158 | D:1      | Reached XP level 2. HP: 24/24 MP: 2/2
   840 | D:2      | Reached XP level 3. HP: 29/29 MP: 3/3
   921 | D:2      | Reached XP level 4. HP: 22/37 MP: 4/4
  1218 | D:2      | Found a faded altar of an unknown god.
  1457 | D:2      | Noticed Sigmund
  1732 | D:3      | Noticed Grinder
  1748 | D:3      | Slain by Grinder

Skill      XL: |  1  2  3  4 |
---------------+-------------+-----
Axes           | 3 |  3.6
Fighting       | 4 |  4.0
Armour         | 4 |  4.0
Shields        | |  3.6

Action                   |  1- 3 |  4- 6 || total
-------------------------+-------+-------++-------
Melee: War axe           |    69 |    67 ||   136
  Use: Scroll            |       |     2 ||     2
       Potion            |       |     1 ||     1
 Stab: Sleeping          |       |     1 ||     1
  Eat: Chunk             |     2 |     5 ||     7
Armor: Scale mail        |    50 |    31 ||    81
Dodge: Dodged            |    59 |    26 ||    85
